 Dungeon Crawl Stone Soup version 0.19.5 (webtiles) character file.

32 mike2R the Firebug (level 3, 0/19 HPs)
             Began as a Deep Elf Fire Elementalist on Apr 27, 2017.
             Killed from afar by Sigmund (7 damage)
             ... with a puff of flame
             ... on level 2 of the Dungeon.
             The game lasted 00:08:43 (1411 turns).

mike2R the Firebug (Deep Elf Fire Elementalist)     Turns: 1411, Time: 00:08:44

Health: 0/19       AC:  2    Str:  5    XL:     3   Next: 8%
Magic:  8/10       EV: 13    Int: 20    God:
Gold:   58         SH:  0    Dex: 15    Spells: 4 memorised, 0 levels left

rFire  . . .     SeeInvis .     l - +0 club
rCold  . . .     Gourm    .     a - +0 robe
rNeg   . . .     Faith    .     (no shield)
rPois  .         Spirit   .     (no helmet)
rElec  .         Reflect  .     (no cloak)
rCorr  .         Harm     .     (no gloves)
MR     .....                    (no boots)
Stlth  ++........               (no amulet)
                                (no ring)
                                (no ring)

@: no status effects
A: no striking features
a: no special abilities


You were on level 2 of the Dungeon.
You were not hungry.

You visited 1 branch of the dungeon, and saw 2 of its levels.

You collected 58 gold pieces.

Inventory:

Hand Weapons
 l - a +0 club (weapon)
Missiles
 e - 108 stones (quivered)
Armour
 a - a +0 robe (worn)
 i - a +0 shield
Jewellery
 m - an uncursed ring of ice {unknown}
Scrolls
 f - a scroll of identify {unknown}
 g - a scroll of blinking {unknown}
 n - a scroll of remove curse {unknown}
Potions
 d - a potion of flight {unknown}
 k - a potion of cancellation {unknown}
Books
 b - a book of Flames

   Spells                             Type                      Level
   a - Flame Tongue                   Conjuration/Fire             1
   b - Throw Flame                    Conjuration/Fire             2
   c - Conjure Flame                  Conjuration/Fire             3
   d - Inner Flame                    Hexes/Fire                   3
   e - Sticky Flame                   Conjuration/Fire             4
   f - Fireball                       Conjuration/Fire             5
Comestibles
 c - 2 bread rations
 h - 2 chunks of flesh
 j - a meat ration
 o - 4 fruits


   Skills:
 - Level 2.4 Dodging
 - Level 2.4 Stealth
 + Level 3.9 Spellcasting
 + Level 1.3 Conjurations
 + Level 4.1 Fire Magic


You couldn't memorise any spells.
You knew the following spells:

 Your Spells              Type           Power        Failure   Level  Hunger
a - Flame Tongue          Conj/Fire      ##...        4%          1    None
b - Throw Flame           Conj/Fire      ##....       10%         2    ##.....
c - Conjure Flame         Conj/Fire      ##......     14%         3    ###....
d - Inner Flame           Hex/Fire       ##......     17%         3    ###....


Dungeon Overview and Level Annotations

Branches:
Dungeon (2/15)

Altars:
Xom

Annotations:
D:2 Sigmund


Message History

Aiming: Flame Tongue
Press: ? - help, Shift-Dir - straight line, f/p - Sigmund
Aim: Sigmund, wielding a scythe and wearing a robe The flame tongue hits Sigmund.
Sigmund is moderately wounded.
Sigmund closely misses you.
Casting: Flame Tongue
Confirm with . or Enter, or press ? or * to list all spells.
Aiming: Flame Tongue
Press: ? - help, Shift-Dir - straight line, f/p - Sigmund
Aim: Sigmund, wielding a scythe and wearing a robe (moderately wounded)
The flame tongue hits Sigmund.
Sigmund is moderately wounded.
Sigmund points at you and mumbles some strange words.
The magic dart hits you! Sigmund gestures at you while chanting.
The puff of flame misses you.
Sigmund points at you and mumbles some strange words.
The puff of flame hits you!
You die...

##........##
#......[.).#
#..........#
#..........#
#..........#
#.<........# #######
##........##
#.....#####........#
#.......@...........#
#......###..........#
#########....@##
#..........#
#.............#
#..........#
#......##.....#
#..........#
#....###......#
##........##
#.[...........#
##......##
#....#..$.<...#
#.#####
.....#........#


You could see Sigmund.

Vanquished Creatures
  An ooze (D:1)
  A worm (D:2)
  5 bats (D:1)
  4 goblins (D:1)
  4 hobgoblins (D:1)
  2 jackals (D:1)
  4 kobolds (D:1)
  A ball python (D:1)
  A frilled lizard (D:1)
  A rat (D:1)
24 creatures vanquished.

Notes
Turn   | Place    | Note
-------+----------+-------------------------------------------
     0 | D:1      | mike2R the Deep Elf Fire Elementalist began the quest for the Orb.
     0 | D:1      | Reached XP level 1. HP: 10/10 MP: 6/6
   226 | D:1      | Reached XP level 2. HP: 15/15 MP: 6/8
   230 | D:1      | Learned a level 2 spell: Throw Flame
   860 | D:1      | Reached skill level 4 in Fire Magic
   944 | D:1      | Found a shimmering altar of Xom.
  1229 | D:1      | Reached XP level 3. HP: 18/19 MP: 8/10
  1238 | D:1      | Learned a level 3 spell: Conjure Flame
  1242 | D:1      | Learned a level 3 spell: Inner Flame
  1271 | D:2      | Noticed Sigmund
  1411 | D:2      | Killed from afar by Sigmund

Skill      XL: |  1  2 |
---------------+-------+-----
Fire Magic     | 4 |  4.1
Dodging        | |  2.4
Stealth        | |  2.4
Spellcasting   | |  3.9
Conjurations   | |  1.3

Action                   || total
-------------------------++-------
Melee: Club              ||     1
Throw: Stone             ||    10
 Cast: Flame Tongue      ||    47
       Throw Flame       ||     3
  Eat: Chunk             ||     1
Armor: Robe              ||     6
Dodge: Dodged            ||    19
